 Dungeon Crawl Stone Soup version 0.30.1 (webtiles) character file.

Game seed: 9591828289912669166

537 GimliDwarf the Caller (level 7, -6/51 HPs)
             Began as a Gnoll Wanderer on July 7, 2023.
             Killed by divine providence
             ... invoked by an orc priest
              (15 damage)
             ... on level 4 of the Dungeon.
             The game lasted 00:08:48 (2887 turns).

GimliDwarf the Caller (Gnoll Wanderer)              Turns: 2887, Time: 00:08:49

Health: -6/51      AC:  3    Str: 10    XL:     7   Next: 25%
Magic:  15/15      EV: 12    Int: 12    God:
Gold:   240        SH:  0    Dex: 14    Spells: 10/17 levels left

rFire   . . .        a - +0 falchion
rCold   . . .        (no shield)
rNeg    . . .        d - +0 robe
rPois   .            (no helmet)
rElec   .            (no cloak)
rCorr   .            (no gloves)
SInv    .            b - +0 pair of boots
Will    .....        (no amulet)
Stlth   +++          (no ring)
HPRegen 0.28/turn    (no ring)
MPRegen 0.14/turn

%: no passive effects
@: no status effects
A: fangs 1, strong nose, distributed training
a: no special abilities


You were on level 4 of the Dungeon.
You visited 1 branch of the dungeon, and saw 4 of its levels.

You collected 240 gold pieces.

Inventory:

Hand Weapons
 a - a +0 falchion (weapon)
 f - a +0 sling
Missiles
 h - 5 javelins
Armour
 b - a +0 pair of boots (worn)
 d - a +0 robe (worn)
Wands
 t - a wand of charming (11)
Scrolls
 c - 3 scrolls of teleportation
 k - 3 scrolls of identify {unknown}
 n - 2 scrolls of magic mapping {unknown}
 o - a scroll of vulnerability {unknown}
 q - a scroll of amnesia {unknown}
Potions
 e - 2 potions of curing {unknown}
 g - a potion of haste {unknown}
 i - a potion of flight {unknown}
 j - a potion of lignification {unknown}
 l - a potion of invisibility {unknown}
 m - a potion of mutation {unknown}
 p - a potion of heal wounds {unknown}
 r - a potion of ambrosia {unknown}
 s - a potion of resistance {unknown}


   Skills:
 + Level 2.4 Fighting
 + Level 2.4 Short Blades
 + Level 3.6 Long Blades
 + Level 2.4 Axes
 + Level 2.4 Maces & Flails
 + Level 2.4 Polearms
 + Level 2.4 Staves
 + Level 2.4 Ranged Weapons
 + Level 2.4 Throwing
 + Level 3.6 Armour
 + Level 2.4 Dodging
 + Level 4.9 Stealth
 + Level 2.4 Shields
 + Level 2.4 Unarmed Combat
 + Level 5.6 Spellcasting
 + Level 2.0 Conjurations
 + Level 2.0 Hexes
 + Level 5.8 Summonings
 + Level 2.0 Necromancy
 + Level 2.0 Translocations
 + Level 2.0 Transmutations
 + Level 2.0 Fire Magic
 + Level 2.0 Ice Magic
 + Level 2.0 Air Magic
 + Level 2.0 Earth Magic
 + Level 2.0 Poison Magic
 + Level 2.7 Invocations
 + Level 3.6 Evocations


You had 10 spell levels left.
You knew the following spells:

 Your Spells              Type           Power      Damage    Failure   Level
a - Summon Small Mammal   Summ           68%        N/A       1%          1
b - Call Canine Familiar  Summ           17%        N/A       4%          3
c - Magic Dart            Conj           32%        1d4       9%          1
d - Searing Ray           Conj           16%        2d5       12%         2

Your spell library contained the following spells:

 Spells                   Type           Power      Damage    Failure   Level
 Freeze                   Ice            32%        1d5       9%          1
 Slow                     Hex            32%        N/A       9%          1
 Confusing Touch          Hex            8%         N/A       24%         3
 Frozen Ramparts          Ice            16%        1d3       24%         3
 Hailstorm                Conj/Ice       8%         3d4       24%         3
 Vampiric Draining        Necr           8%         2d6       24%         3
 Summon Lightning Spire   Summ/Air       12%        N/A       36%         4
 Fulminant Prism          Conj/Hex       4%         3d5       63%         4
 Ice Form                 Ice/Tmut       8%         N/A       63%         4
 Simulacrum               Ice/Necr       4%         N/A       100%        6


Dungeon Overview and Level Annotations

Branches:
Dungeon (4/15)
 Temple: D:4-7

Altars:
Dithmenos


Innate Abilities, Weirdness & Mutations

You have very sharp teeth.
Your uncanny sense of smell can sniff out nearby items.
Your experience applies equally to all skills.


Message History

Things that are here:
a +0 club; a +0 ring mail; 14 gold pieces You hit the orc priest but do no damage.
Your hound disappears in a puff of smoke!
The orc priest begins to cast a cantrip, but forgets the words!
You hit the orc priest but do no damage.
Your punch misses the orc priest.
The orc priest looks satisfied for a moment.
You closely miss the orc priest. The orc priest hits you with a +0 whip.
You hit the orc priest but do no damage.
You bite the orc priest, but do no damage.
The orc priest mumbles some strange prayers to Beogh against you.
Pain shoots through your body!
* * * LOW HITPOINT WARNING * * *
You barely miss the orc priest.
You bite the orc priest, but do no damage.
The orc priest hits you with a +0 whip.
* * * LOW HITPOINT WARNING * * *
You slash the orc priest!
You bite the orc priest, but do no damage.
The orc priest is heavily wounded.
The orc priest barely misses you.
A ball python comes into view.
You hit the orc priest.
The orc priest is severely wounded.
The orc priest miscasts a cantrip.
You closely miss the orc priest.
The orc priest is severely wounded.
The orc priest invokes the aid of Beogh against you.
Pain shoots through your body!
* * * LOW HITPOINT WARNING * * *
The orc priest closely misses you.
You hit the orc priest.
The orc priest is almost dead.
The orc priest barely misses you.
You hit the orc priest.
The orc priest is almost dead.
The orc priest invokes the aid of Beogh against you.
Beogh smites you!
You die...

#.#######
#...)...#
#..####.# .
..####..####
.#
........#..
..#
∆..#####)#.#
.. #.#.##.#
#..))..#
###@#### #o#
.S. .#### #.
. .. ..


You could see an orc priest and a ball python.

Vanquished Creatures
  2 adders
  A dart slug (D:1)
  5 orcs
  2 endoplasms (D:1)
  3 giant cockroaches
  A goblin (D:1)
  2 hobgoblins (D:1)
  7 kobolds
  7 ball pythons
  3 bats
  A frilled lizard (D:2)
  7 rats
41 creatures vanquished.

Vanquished Creatures (collateral kills)
  Grinder (D:3)
  An ogre (D:3)
  Ijyb (D:3)
  An iguana (D:3)
  Natasha (thrice) (D:3)
  An orc wizard (D:4)
  2 adders
  2 worms (D:3)
  A dart slug (D:1)
  An orc (D:3)
  An endoplasm (D:3)
  A hobgoblin (D:3)
  2 kobolds
  5 ball pythons
  3 bats (D:1)
  3 frilled lizards
  5 rats
34 creatures vanquished.

Grand Total: 75 creatures vanquished

Notes
Turn   | Place    | Note
-------+----------+-------------------------------------------
     0 | D:1      | GimliDwarf the Gnoll Wanderer began the quest for the Orb.
     0 | D:1      | GimliDwarf set off with the following items: a +0 falchion,
                  | a +0 pair of boots, a scroll of teleportation, a +0 robe;
                  | and the following spell memorised: Summon Small Mammal; and
                  | the following spells available to memorise: Call Canine
                  | Familiar, Summon Lightning Spire.
     0 | D:1      | Reached XP level 1. HP: 13/13 MP: 6/6
    49 | D:1      | Reached XP level 2. HP: 18/19 MP: 5/7
   279 | D:1      | Reached skill level 5 in Spellcasting
   279 | D:1      | Reached XP level 3. HP: 20/25 MP: 7/9
   500 | D:1      | Reached skill level 1 in Invocations
   701 | D:2      | Reached skill level 1 in Fighting
   701 | D:2      | Reached skill level 1 in Short Blades
   701 | D:2      | Reached skill level 1 in Axes
   701 | D:2      | Reached skill level 1 in Maces & Flails
   701 | D:2      | Reached skill level 1 in Polearms
   701 | D:2      | Reached skill level 1 in Staves
   701 | D:2      | Reached skill level 1 in Ranged Weapons
   701 | D:2      | Reached skill level 1 in Throwing
   701 | D:2      | Reached skill level 1 in Dodging
   701 | D:2      | Reached skill level 1 in Shields
   701 | D:2      | Reached skill level 1 in Unarmed Combat
  1014 | D:2      | Reached XP level 4. HP: 24/32 MP: 8/11
  1427 | D:2      | Learned a level 3 spell: Call Canine Familiar
  1428 | D:3      | Noticed Natasha
  1428 | D:3      | Noticed an ogre
  1456 | D:3      | Found a faded altar of an unknown god.
  1456 | D:3      | Noticed a golden eye
  1495 | D:3      | Noticed a floating eye
  1505 | D:3      | Noticed an eye of devastation
  1506 | D:3      | Noticed an eye of devastation
  1591 | D:3      | Noticed Grinder
  1604 | D:3      | Found a shadowy altar of Dithmenos.
  1681 | D:3      | Killed Grinder
  1682 | D:3      | Reached skill level 1 in Conjurations
  1682 | D:3      | Reached skill level 1 in Hexes
  1682 | D:3      | Reached skill level 1 in Necromancy
  1682 | D:3      | Reached skill level 1 in Translocations
  1682 | D:3      | Reached skill level 1 in Transmutations
  1682 | D:3      | Reached skill level 1 in Fire Magic
  1682 | D:3      | Reached skill level 1 in Ice Magic
  1682 | D:3      | Reached skill level 1 in Air Magic
  1682 | D:3      | Reached skill level 1 in Earth Magic
  1682 | D:3      | Reached skill level 1 in Poison Magic
  1682 | D:3      | Reached XP level 5. HP: 15/38 MP: 5/12
  1682 | D:3      | Reached XP level 6. HP: 17/44 MP: 5/14
  1832 | D:3      | Killed Natasha
  1992 | D:3      | Noticed Natasha
  2000 | D:3      | Killed Natasha
  2150 | D:3      | Noticed Natasha
  2157 | D:3      | Killed Natasha
  2323 | D:3      | Noticed Ijyb
  2360 | D:3      | Killed Ijyb
  2755 | D:3      | Reached XP level 7. HP: 51/51 MP: 9/15
  2807 | D:3      | Learned a level 1 spell: Magic Dart
  2810 | D:3      | Learned a level 2 spell: Searing Ray
  2887 | D:4      | Killed from afar by an orc priest

Illustrated notes

Levels and vault maps discovered:
D:1:      tarquinn_simple_flora_water_e, layout_rooms
D:2:      layout_rooms, minmay_misc_feat_x, minmay_shallow_snake_nest
D:3:      minmay_chambers_of_threes, layout_rooms, mainiacjoe_overflow_paths,
          hellmonk_ecumenical_altar_watching_god, uniq_natasha, uniq_ijyb,
          uniq_grinder
D:4:      layout_loops_cross, mainiacjoe_overflow_surrounded_room,
          minmay_cut_off

Skill      XL: |  1  2  3  4  5  6 |
---------------+-------------------+-----
Spellcasting   | 5 |  5.6
Invocations    | 1 2 |  2.7
Fighting       | 1 2 |  2.4
Short Blades   | 1 2 |  2.4
Axes           | 1 2 |  2.4
Maces & Flails | 1 2 |  2.4
Polearms       | 1 2 |  2.4
Staves         | 1 2 |  2.4
Ranged Weapons | 1 2 |  2.4
Throwing       | 1 2 |  2.4
Dodging        | 1 2 |  2.4
Shields        | 1 2 |  2.4
Unarmed Combat | 1 2 |  2.4
Long Blades    | 3 |  3.6
Armour         | 3 |  3.6
Conjurations   | 1 2 |  2.0
Hexes          | 1 2 |  2.0
Necromancy     | 1 2 |  2.0
Translocations | 1 2 |  2.0
Transmutations | 1 2 |  2.0
Fire Magic     | 1 2 |  2.0
Ice Magic      | 1 2 |  2.0
Air Magic      | 1 2 |  2.0
Earth Magic    | 1 2 |  2.0
Poison Magic   | 1 2 |  2.0
Evocations     | 3 |  3.6
Stealth        | |  4.9
Summonings     | |  5.8

Action                     |  1- 3 |  4- 6 |  7- 9 || total
---------------------------+-------+-------+-------++-------
  Melee: Falchion          |    98 |    74 |    26 ||   198
         Bite              |     5 |     9 |     6 ||    20
         Punch             |       |     1 |       ||     1
  Throw: Javelin           |       |     3 |       ||     3
   Cast: Summon Small Mamm |    28 |    33 |     2 ||    63
         Call Canine Famil |       |    11 |     1 ||    12
   Stab: Sleeping          |     8 |     2 |       ||    10
         Distracted        |       |     1 |       ||     1
 Armour: Robe              |    38 |    23 |     4 ||    65
  Dodge: Dodged            |    71 |    58 |    14 ||   143
